SKY
MONTREAL EXPOS @ NEW YORK METS
04/22/2052
 
TOP OF THE 1ST
Montreal Expos batting - Pitching for New York Mets : LHP Calvet Medrano
Pitching: LHP Calvet Medrano
Batting: RHB Rusty Reffitt 0-0: Ball
1-0: Ball
2-0: Called Strike
2-1: Ball
3-1: SINGLE (Line Drive, 9S, EV 99.4 MPH)
Batting: LHB Jimmy Miramontes 0-0: Called Strike
0-1: Ball
1-1: SINGLE (Line Drive, 9S, EV 102.5 MPH)
Rusty Reffitt to second
Batting: RHB Brian Ottman 0-0: Grounds into double play, 4-6-3 (Groundball, 4, EV 85.6 MPH)
Rusty Reffitt to third
Batting: RHB Ricky Sytsma 0-0: Foul Ball, location: 3FF
0-1: Ball
1-1: Foul Ball, location: 9LDF
1-2: Strikes out swinging
Top of the 1st over - 0 runs, 2 hits, 0 errors, 1 left on base; Montreal 0 - New York 0
BOTTOM OF THE 1ST
New York Mets batting - Pitching for Montreal Expos : RHP Calvert Dafney
Pitching: RHP Calvert Dafney
Batting: LHB Cody Phillips 0-0: Swinging Strike
0-1: Swinging Strike
0-2: SINGLE (Groundball, 6MD, EV 95.6 MPH)
Batting: LHB Bobby Crooks 0-0: Ball
1-0: Foul Ball, location: 23FF
1-1: Ball
2-1: Foul Ball, location: 2F
2-2: Grounds into double play, 4-6-3 (Groundball, 4, EV 81.9 MPH)
Batting: RHB Jonathan Mitchell 0-0: SINGLE (Line Drive, 7LM, EV 105.6 MPH)
Batting: LHB Earl Jones 0-0: Called Strike
0-1: Ball
1-1: Ground out 4-3 (Groundball, 4M, EV 105.0 MPH)
Bottom of the 1st over - 0 runs, 2 hits, 0 errors, 1 left on base; Montreal 0 - New York 0
TOP OF THE 2ND
Montreal Expos batting - Pitching for New York Mets : LHP Calvet Medrano
Batting: RHB Jin-Seo Yun 0-0: Ball
1-0: Foul Ball, location: 2F
1-1: Ball
2-1: Foul Ball, location: 2F
2-2: Fly out, F2 (Popup, 23F, EV 88.1 MPH)
Batting: LHB Valentin Suárez 0-0: Ball
1-0: Foul Ball, location: 2F
1-1: Ball
2-1: Ground out 4-3 (Groundball, 34D, EV 94.4 MPH)
Batting: SHB Dylan Jakab 0-0: Called Strike
0-1: Foul Ball, location: 2F
0-2: Fly out, F7 (Flyball, 7D, EV 106.9 MPH)
Top of the 2nd over - 0 runs, 0 hits, 0 errors, 0 left on base; Montreal 0 - New York 0
BOTTOM OF THE 2ND
New York Mets batting - Pitching for Montreal Expos : RHP Calvert Dafney
Batting: SHB Emmanuel González 0-0: Ball
1-0: Ball
2-0: Ground out 4-3 (Groundball, 4, EV 89.4 MPH)
Batting: RHB Javin Hall 0-0: Ball
1-0: Called Strike
1-1: Ball
2-1: Foul Ball, location: 2F
2-2: Ball
3-2: Foul Ball, location: 5FF
3-2: Base on Balls
Batting: LHB Elih Zelaya 0-0: Fielders Choice at 2nd, 1-6 (Groundball, 13S, EV 73.8 MPH)
Batting: RHB Jeremy Zimmerman 0-0: Ball
1-0: Called Strike
Elih Zelaya is caught stealing 2nd base 2-4
Bottom of the 2nd over - 0 runs, 0 hits, 0 errors, 0 left on base; Montreal 0 - New York 0
TOP OF THE 3RD
Montreal Expos batting - Pitching for New York Mets : LHP Calvet Medrano
Batting: RHB Owen Dyche 0-0: Ball
1-0: Fly out, F8 (Flyball, 8LD, EV 95.0 MPH)
Batting: LHB Hugo Texido 0-0: Called Strike
0-1: Called Strike
0-2: Foul Ball, location: 3SF
0-2: Foul Ball, location: 3F
0-2: Ball
1-2: Ball
2-2: Strikes out swinging, 2-3 out at first.
Batting: RHB Rusty Reffitt 0-0: Ball
1-0: Ball
2-0: SINGLE (Groundball, 34S, EV 68.8 MPH) (infield hit)
Batting: LHB Jimmy Miramontes 0-0: Ball
1-0: Foul Ball, location: 2F
1-1: Called Strike
1-2: Fly out, F8 (Line Drive, 89M, EV 99.4 MPH)
Top of the 3rd over - 0 runs, 1 hit, 0 errors, 1 left on base; Montreal 0 - New York 0
BOTTOM OF THE 3RD
New York Mets batting - Pitching for Montreal Expos : RHP Calvert Dafney
Batting: RHB Jeremy Zimmerman 0-0: Ground out 5-3 (Groundball, 5L, EV 84.4 MPH)
Batting: LHB Enrique Reyna 0-0: Ball
1-0: Ball
2-0: Swinging Strike
2-1: Called Strike
2-2: Strikes out swinging
Batting: LHB Cody Phillips 0-0: Ball
1-0: Ball
2-0: Ball
3-0: Called Strike
3-1: Foul Ball, location: 7LDF
3-2: Foul Ball, location: 3FF
3-2: Foul Ball, location: 5FF
3-2: Base on Balls
Batting: LHB Bobby Crooks 0-0: Called Strike
Cody Phillips steals 2nd base
0-1: Ball
1-1: Ball
2-1: Swinging Strike
2-2: Ground out 4-3 (Groundball, 4, EV 76.3 MPH)
Bottom of the 3rd over - 0 runs, 0 hits, 0 errors, 1 left on base; Montreal 0 - New York 0
TOP OF THE 4TH
Montreal Expos batting - Pitching for New York Mets : LHP Calvet Medrano
Batting: RHB Brian Ottman 0-0: Fly out, F7 (Flyball, 7, EV 88.1 MPH)
Batting: RHB Ricky Sytsma 0-0: Ball
1-0: Foul Ball, location: 23F
1-1: Ball
2-1: Ground out 5-3 (Groundball, 56, EV 86.9 MPH)
Batting: RHB Jin-Seo Yun 0-0: Ball
1-0: Ball
2-0: Called Strike
2-1: Ball
3-1: SINGLE (Groundball, 56D, EV 94.4 MPH)
Batting: LHB Valentin Suárez 0-0: Foul Ball, location: 7LDF
0-1: Fly out, F9 (Flyball, 9LS, EV 83.8 MPH)
Top of the 4th over - 0 runs, 1 hit, 0 errors, 1 left on base; Montreal 0 - New York 0
BOTTOM OF THE 4TH
New York Mets batting - Pitching for Montreal Expos : RHP Calvert Dafney
Batting: RHB Jonathan Mitchell 0-0: SOLO HOME RUN (Flyball, 78XD, EV 103.1 MPH), Distance : 392 ft
Batting: LHB Earl Jones 0-0: SINGLE (Line Drive, 9S, EV 96.9 MPH)
Batting: SHB Emmanuel González 0-0: Called Strike
0-1: Foul Ball, location: 2F
0-2: Foul Ball, location: 2F
0-2: Strikes out swinging
Batting: RHB Javin Hall 0-0: Ball
1-0: Ball
2-0: 2-RUN HOME RUN (Flyball, 78XD, EV 98.1 MPH), Distance : 383 ft
Batting: LHB Elih Zelaya 0-0: Ball
1-0: Foul Ball, location: 5F
1-1: Swinging Strike
1-2: Strikes out swinging
Batting: RHB Jeremy Zimmerman 0-0: Foul Ball, location: 7LSF
0-1: Ball
1-1: Ball
2-1: Swinging Strike
2-2: Ground out 6-3 (Groundball, 6, EV 108.1 MPH)
Bottom of the 4th over - 3 runs, 3 hits, 0 errors, 0 left on base; Montreal 0 - New York 3
TOP OF THE 5TH
Montreal Expos batting - Pitching for New York Mets : LHP Calvet Medrano
Batting: SHB Dylan Jakab 0-0: Called Strike
0-1: Ball
1-1: Ball
2-1: DOUBLE (Line Drive, 7LM, EV 100.6 MPH)
Batting: RHB Owen Dyche 0-0: Ball
1-0: Swinging Strike
1-1: Ball
2-1: Fly out, F7 (Flyball, 78XD, EV 95.0 MPH)
Runner from 2nd tags up, SAFE at 3rd, no throw by LF
Batting: LHB Hugo Texido 0-0: Foul Ball, location: 2F
0-1: Called Strike
0-2: Strikes out swinging
Batting: RHB Rusty Reffitt 0-0: Called Strike
0-1: Foul Ball, location: 25FF
0-2: Foul Ball, location: 2F
0-2: Foul Ball, location: 7LMF
0-2: Ground out 6-3 (Groundball, 6MS, EV 77.5 MPH)
Top of the 5th over - 0 runs, 1 hit, 0 errors, 1 left on base; Montreal 0 - New York 3
BOTTOM OF THE 5TH
New York Mets batting - Pitching for Montreal Expos : RHP Calvert Dafney
Batting: LHB Enrique Reyna 0-0: Ball
1-0: Ground out U3 (Groundball, 34, EV 79.4 MPH)
Batting: LHB Cody Phillips 0-0: Reached on error, E4 (Groundball, 4, EV 80.0 MPH)
Batting: LHB Bobby Crooks 0-0: DOUBLE (Line Drive, 5D, EV 109.4 MPH)
Cody Phillips scores
Batting: RHB Jonathan Mitchell 0-0: Ball
1-0: Swinging Strike
1-1: Foul Ball, location: 9LSF
1-2: Ball
2-2: Foul Ball, location: 2F
2-2: Strikes out swinging
Batting: LHB Earl Jones 0-0: Ball
1-0: Ball
2-0: Fly out, F9 (Flyball, 89S, EV 89.4 MPH)
Bottom of the 5th over - 1 run, 1 hit, 1 error, 1 left on base; Montreal 0 - New York 4
TOP OF THE 6TH
Montreal Expos batting - Pitching for New York Mets : LHP Calvet Medrano
Batting: LHB Jimmy Miramontes 0-0: Ball
1-0: Ball
2-0: TRIPLE (Line Drive, 89XD, EV 110.6 MPH)
Batting: RHB Brian Ottman 0-0: Fly out, F9 (Line Drive, 89M, EV 98.8 MPH)
Runner from 3rd tags up, SCORES, no throw by RF
Batting: RHB Ricky Sytsma 0-0: Ball
1-0: Foul Ball, location: 3F
1-1: Ball
2-1: SINGLE (Groundball, 4D, EV 102.5 MPH)
Batting: RHB Jin-Seo Yun 0-0: Ball
1-0: Ball
2-0: Ball
3-0: Called Strike
3-1: Swinging Strike
3-2: Strikes out swinging
Batting: LHB Valentin Suárez 0-0: Ball
1-0: Called Strike
1-1: Ball
2-1: SINGLE (Groundball, 4D, EV 109.4 MPH)
Ricky Sytsma to second
Pitching: RHP Ethan Ponzio
Batting: SHB Dylan Jakab 0-0: Ball
1-0: Foul Ball, location: 3FF
1-1: Foul Ball, location: 7LDF
1-2: Strikes out swinging
Top of the 6th over - 1 run, 3 hits, 0 errors, 2 left on base; Montreal 1 - New York 4
BOTTOM OF THE 6TH
New York Mets batting - Pitching for Montreal Expos : RHP Calvert Dafney
Batting: SHB Emmanuel González 0-0: Ball
1-0: Called Strike
1-1: Ball
2-1: Foul Ball, location: 25F
2-2: Strikes out swinging
Batting: RHB Javin Hall 0-0: Ball
1-0: Fly out, F5 (Popup, 5SF, EV 81.9 MPH)
Batting: LHB Elih Zelaya 0-0: Ball
1-0: Ball
2-0: Ball
3-0: Foul Ball, location: 7LSF
3-1: Base on Balls
Pitching: RHP Matthew Logan
Batting: RHB Jeremy Zimmerman 0-0: Foul Ball, location: 9LMF
0-1: Foul Ball, location: 25F
0-2: SINGLE (Line Drive, 4D, EV 95.6 MPH)
Elih Zelaya to second
Runner from 2nd tries for 3rd, SAFE, throw by CF made to third
Batting: LHB Enrique Reyna 0-0: Ball
1-0: Called Strike
1-1: Ball
2-1: Ball
3-1: Fielders Choice at 2nd, U4 (Groundball, 4M, EV 103.8 MPH)
Bottom of the 6th over - 0 runs, 1 hit, 0 errors, 2 left on base; Montreal 1 - New York 4
TOP OF THE 7TH
Montreal Expos batting - Pitching for New York Mets : RHP Ethan Ponzio
Pinch Hitting: LHB Daryl Henderson 0-0: Ball
1-0: Ball
2-0: Called Strike
2-1: Ball
3-1: Called Strike
3-2: Strikes out swinging
Batting: LHB Hugo Texido 0-0: Ball
1-0: Foul Ball, location: 3FF
1-1: Ball
2-1: Foul Ball, location: 9LMF
2-2: Strikes out looking
Batting: RHB Rusty Reffitt 0-0: Called Strike
0-1: Swinging Strike
0-2: Ball
1-2: Foul Ball, location: 2RF
1-2: SINGLE (Flyball, 8RS, EV 97.5 MPH)
Batting: LHB Jimmy Miramontes 0-0: Ball
1-0: Called Strike
1-1: Swinging Strike
1-2: Ball
2-2: Ball
3-2: Foul Ball, location: 7LMF
3-2: Strikes out swinging
Top of the 7th over - 0 runs, 1 hit, 0 errors, 1 left on base; Montreal 1 - New York 4
BOTTOM OF THE 7TH
New York Mets batting - Pitching for Montreal Expos : RHP Matthew Logan
Now at SS: Hugo Texido
Now in CF: Daryl Henderson
Batting: LHB Cody Phillips 0-0: SINGLE (Line Drive, 78M, EV 100.6 MPH)
Batting: LHB Bobby Crooks 0-0: Ball
1-0: Ball
2-0: Called Strike
2-1: Fielders Choice at 2nd, 4-6 (Groundball, 4, EV 101.9 MPH)
Batting: RHB Jonathan Mitchell 0-0: Ball
1-0: Foul Ball, location: 25F
1-1: Called Strike
Bobby Crooks steals 2nd, throwing error, E2
Bobby Crooks to third
1-2: Strikes out swinging, 2-3 out at first.
Batting: LHB Earl Jones 0-0: Ball
1-0: Called Strike
1-1: Ball
2-1: Ball
3-1: Base on Balls
Batting: SHB Emmanuel González 0-0: Called Strike
0-1: Ball
1-1: Swinging Strike
1-2: Strikes out swinging
Bottom of the 7th over - 0 runs, 1 hit, 1 error, 2 left on base; Montreal 1 - New York 4
TOP OF THE 8TH
Montreal Expos batting - Pitching for New York Mets : RHP Ethan Ponzio
Batting: RHB Brian Ottman 0-0: Called Strike
0-1: Foul Ball, location: 2F
0-2: Ground out 4-3 (Groundball, 34, EV 100.6 MPH)
Batting: RHB Ricky Sytsma 0-0: Ball
1-0: Foul Ball, location: 2F
1-1: Foul Ball, location: 25FF
1-2: Foul Ball, location: 2F
1-2: Ball
2-2: Strikes out swinging
Pinch Hitting: LHB Joe Edwards 0-0: Ball
1-0: Called Strike
1-1: DOUBLE (Flyball, 8LXD, EV 97.5 MPH)
Batting: LHB Valentin Suárez 0-0: Called Strike
0-1: Ball
1-1: Foul Ball, location: 3F
1-2: Ball
2-2: Foul Ball, location: 2F
2-2: Strikes out swinging
Top of the 8th over - 0 runs, 1 hit, 0 errors, 1 left on base; Montreal 1 - New York 4
BOTTOM OF THE 8TH
New York Mets batting - Pitching for Montreal Expos : RHP Matthew Logan
Now in LF: Jimmy Miramontes
Now in RF: Joe Edwards
Batting: RHB Javin Hall 0-0: SOLO HOME RUN (Flyball, 7D, EV 96.9 MPH), Distance : 353 ft
Pitching: RHP Elliott Raber
Batting: LHB Elih Zelaya 0-0: Swinging Strike
0-1: Swinging Strike
0-2: Strikes out swinging
Batting: RHB Jeremy Zimmerman 0-0: Ball
1-0: Ball
2-0: Ball
3-0: Called Strike
3-1: Ground out 6-3 (Groundball, 6, EV 86.3 MPH)
Batting: LHB Enrique Reyna 0-0: Foul Ball, location: 2F
0-1: Ball
1-1: DOUBLE (Line Drive, 5D, EV 111.3 MPH)
Batting: LHB Cody Phillips 0-0: Ball
1-0: Swinging Strike
1-1: Ground out 6-3 (Groundball, 6, EV 91.9 MPH)
Bottom of the 8th over - 1 run, 2 hits, 0 errors, 1 left on base; Montreal 1 - New York 5
TOP OF THE 9TH
Montreal Expos batting - Pitching for New York Mets : RHP Ethan Ponzio
Pitching: RHP Colton Parisi
Batting: SHB Dylan Jakab 0-0: Called Strike
0-1: Ball
1-1: Foul Ball, location: 2F
1-2: Ball
2-2: Ball
3-2: Fly out, F7 (Line Drive, 78M, EV 87.5 MPH)
Batting: LHB Daryl Henderson 0-0: Ground out 4-3 (Groundball, 4, EV 106.3 MPH)
Batting: LHB Hugo Texido 0-0: Called Strike
0-1: Ball
1-1: Ball
2-1: Called Strike
2-2: Foul Ball, location: 23FF
2-2: DOUBLE (Flyball, 78XD, EV 93.8 MPH)
Batting: RHB Rusty Reffitt 0-0: Called Strike
0-1: Ball
1-1: Ball
2-1: Fly out, F9 (Flyball, 9D, EV 107.5 MPH)
Top of the 9th over - 0 runs, 1 hit, 0 errors, 1 left on base; Montreal 1 - New York 5
Thursday, April 18th , 2024 - OOTP Baseball 24.11 Build 85